 Dungeon Crawl Stone Soup version 0.31-a0-117-g42d8f58691 (webtiles) character file.

Game seed: 2717612783037679817

1480164 ragingrage the Warrior (level 27, 282/282 HPs)
             Began as a Human Earth Elementalist on May 30, 2023.
             Was an Initiate of Gozag.
             Escaped with the Orb
             ... and 3 runes!
             The game lasted 02:26:07 (84268 turns).

ragingrage the Warrior (Human Earth Elementalist)  Turns: 84268, Time: 02:26:07

Health: 282/282    AC: 45    Str: 10    XL:     27
Magic:  36/36      EV: 21    Int: 50    God:    Gozag
Gold:   8985       SH: 20    Dex: 18    Spells: 4/54 levels left

rFire   + . .        f - staff of earth "Uvukkac" {Contam rC++ Int+5}
rCold   + + .        z - +5 kite shield {rF+}
rNeg    + . .        s - melded +2 robe {Archmagi}
rPois   ∞            o - +2 hat {Int+3}
rElec   +            Q - +4 cloak of Conscience {Dex+4}
rCorr   .            d - melded +1 pair of gloves of Ecies {rElec rN+}
SInv    +            l - melded +2 pair of boots
Will    +++..        C - amulet "Nirich" {RegenMP rPois rC- Int+8}
Stlth   ++           R - ring of the Firefly {rElec rC+ Will+ Int+6}
HPRegen 0.67/turn    m - ring of see invisible
MPRegen 0.65/turn

%: no passive effects
@: statue-form, very slow
A: slow and powerful, torment resistance 1, boosted hp, antennae 1, hooves 1,
low MP 1, sense surroundings 1, inability to read after injury 1
0: Orb of Zot
}: 3/15 runes: decaying, serpentine, abyssal
a: End Transformation, Renounce Religion, Potion Petition, Call Merchant, Bribe
Branch


You escaped.
You worshipped Gozag.
Gozag was greatly pleased with you.
You were a living statue of rough stone.
You visited 10 branches of the dungeon, and saw 47 of its levels.
You visited the Abyss 1 time.
You also visited: Ice Cave, Volcano, Wizlab and Desolation.

You collected 27683 gold pieces.
You spent 3892 gold pieces at shops.
You paid 14806 gold pieces to Gozag.

Inventory:

Missiles
 B - 14 curare-tipped darts
 Y - 2 throwing nets
Armour
 d - the +1 pair of gloves of Ecies (melded) {rElec rN+}
   (You acquired it on level 2 of the Lair of Beasts)

   rElec:     It insulates you from electricity.
   rN:        It protects you from negative energy.
 l - a +2 pair of boots (melded)
 o - a +2 hat of intelligence (worn)
 s - a +2 robe of the Archmagi (melded)
 z - a +5 kite shield of fire resistance (worn)
 Q - the +4 cloak of Conscience (worn) {Dex+4}
   (You bought it in a shop on level 2 of the Orcish Mines)

   Dex:       It affects your dexterity (+4).
Magical Staves
 f - the staff of earth "Uvukkac" (weapon) {Contam rC++ Int+5}
   (You found it on level 3 of the Swamp)

   [staff of earth]

   Base accuracy: +5 Base damage: 5 Base attack delay: 1.2 This weapon's minimum
   attack delay (0.6) is reached at skill level 12.
   Int:       It affects your intelligence (+5).
   rC:        It greatly protects you from cold.
   Contam:    It causes magical contamination when unequipped.
   It falls into the 'Staves' category.
   It is a one-handed weapon.
Jewellery
 m - a ring of see invisible (right fist)
 y - a +5 ring of evasion
 C - the amulet "Nirich" (around neck) {RegenMP rPois rC- Int+8}
   (You took it off a deep elf sorcerer on level 3 of the Elven Halls)

   [amulet of magic regeneration]

   It increases your rate of magic regeneration.
   Int:       It affects your intelligence (+8).
   rC:        It makes you vulnerable to cold.
   rPois:     It protects you from poison.
 R - the ring of the Firefly (left fist) {rElec rC+ Will+ Int+6}
   (You bought it in a shop on level 2 of the Depths)

   [ring of intelligence]

   Int:       It affects your intelligence (+6).
   rC:        It protects you from cold.
   rElec:     It insulates you from electricity.
   Will:      It increases your willpower.
 X - a ring of protection from fire
Wands
 b - a wand of light (19)
 r - a wand of digging (19)
 D - a wand of iceblast (50)
 F - a wand of mindburst (43)
 G - a wand of flame (94)
 L - a wand of charming (53)
 U - a wand of polymorph (6)
Scrolls
 g - 10 scrolls of fog
 k - 13 scrolls of teleportation
 q - 8 scrolls of vulnerability
 u - 3 scrolls of butterflies
 w - 10 scrolls of fear
 x - 4 scrolls of blinking
 H - 12 scrolls of poison
 K - a scroll of magic mapping
 M - 7 scrolls of immolation
 O - 2 scrolls of enchant armour
 S - 2 scrolls of torment
 W - 5 scrolls of amnesia
Potions
 e - 19 potions of curing
 h - 5 potions of brilliance
 i - 3 potions of mutation
 j - 5 potions of cancellation
 n - 6 potions of heal wounds
 p - 5 potions of haste
 t - 4 potions of ambrosia
 v - 3 potions of resistance
 A - 3 potions of magic
 E - 6 potions of might
 I - a potion of berserk rage
 J - a potion of invisibility
 N - 4 potions of enlightenment
 T - 13 potions of lignification
 Z - 4 potions of attraction
Miscellaneous
 a - a lightning rod (4/4)
 c - a phial of floods
 P - a phantom mirror
 V - a box of beasts


   Skills:
 + Level 18.1 Fighting
 - Level 12.0 Staves
 - Level 11.0 Armour
 - Level 15.0 Dodging
 - Level 13.7 Stealth
 - Level 18.0 Shields
 - Level 14.0 Spellcasting
 - Level 15.0 Conjurations
 - Level 7.0 Necromancy
 - Level 3.0 Translocations
 - Level 8.0 Transmutations
 - Level 10.0 Ice Magic
 - Level 6.0 Air Magic
 - Level 15.9 Earth Magic
 - Level 15.0 Evocations


You had 4 spell levels left.
You knew the following spells:

 Your Spells              Type           Power      Damage    Failure   Level
a - Statue Form           Tmut/Erth      82%        N/A       1%          6
b - Wereblood             Tmut           86%        N/A       1%          2
c - Apportation           Tloc           100%       N/A       1%          1
d - Blink                 Tloc           100%       N/A       1%          2
e - Freezing Cloud        Conj/Ice/Air   47%        6-21      1%          5
f - Borgnjor's Vile Clut  Necr/Erth      61%        N/A       1%          5
g - Irradiate             Conj/Tmut      50%        3d28      1%          5
h - Lee's Rapid Deconstr  Erth           69%        3d31*     1%          5
i - Leda's Unmaking       Conj/Erth      68%        9d11      1%          6
j - Swiftness             Air            76%        N/A       1%          3
k - Passwall              Tmut/Erth      100%       N/A       0%          2
l - Lehudib's Crystal Sp  Conj/Erth      68%        10d16     12%         8

Your spell library contained the following spells:

 Spells                   Type           Power      Damage    Failure   Level
 Sandblast                Erth           100%       2d20      0%          1
 Shock                    Conj/Air       100%       1d9       0%          1
 Searing Ray              Conj           100%       2d8       0%          2
 Stone Arrow              Conj/Erth      100%       3d13      0%          3
 Beastly Appendage        Tmut           100%       N/A       1%          1
 Necrotise                Necr           100%       1d9       1%          1
 Sting                    Tmut/Pois      100%       1d8       1%          1
 Summon Small Mammal      Summ           100%       N/A       1%          1
 Ensorcelled Hibernation  Hex/Ice        100%       N/A       1%          2
 Lesser Beckoning         Tloc           100%       N/A       1%          2
 Momentum Strike          Conj/Tloc      100%       3d10      1%          2
 Poisonous Vapours        Pois/Air       100%       N/A       1%          2
 Sublimation of Blood     Necr           81%        N/A       1%          2
 Dazzling Flash           Conj/Hex       100%       N/A       1%          3
 Frozen Ramparts          Ice            100%       1d16      1%          3
 Gell's Gravitas          Tloc           60%        N/A       1%          3
 Hailstorm                Conj/Ice       100%       3d20      1%          3
 Mephitic Cloud           Conj/Pois/Air  81%        N/A       1%          3
 Ozocubu's Armour         Ice            94%        N/A       1%          3
 Teleport Other           Tloc           60%        N/A       1%          3
 Vhi's Electric Charge    Tloc/Air       100%       N/A       1%          3
 Volatile Blastmotes      Fire/Tloc      100%       2d18      1%          3
 Airstrike                Air            38%        2d(6-22)  1%          4
 Animate Armour           Summ/Erth      100%       N/A       1%          4
 Flame Wave               Conj/Fire      83%        2d18      1%          4
 Iskenderun's Mystic Bla  Conj/Tloc      90%        2d18      1%          4
 Leda's Liquefaction      Hex/Erth       53%        N/A       1%          4
 Petrify                  Tmut/Erth      100%       N/A       1%          4
 Sticky Flame             Conj/Fire      83%        2d9       1%          4
 Summon Ice Beast         Ice/Summ       71%        N/A       1%          4
 Call Canine Familiar     Summ           35%        N/A       3%          3
 Inner Flame              Hex/Fire       35%        N/A       3%          3
 Summon Guardian Golem    Hex/Summ       35%        N/A       3%          3
 Summon Lightning Spire   Summ/Air       60%        N/A       3%          4
 Olgreb's Toxic Radiance  Pois           35%        N/A       10%         4
 Agony                    Necr           81%        N/A       1%          5
 Arcjolt                  Conj/Air       48%        1d58      1%          5
 Blade Hands              Tmut           43%        N/A       1%          5
 Iskenderun's Battlesphe  Conj           100%       2d15      1%          5
 Metabolic Englaciation   Hex/Ice        35%        N/A       3%          5
 Alistair's Intoxication  Tmut/Pois      44%        N/A       5%          5
 Yara's Violent Unravell  Hex/Tmut       33%        3d14      5%          5
 Starburst                Conj/Fire      41%        6d12      7%          6
 Silence                  Hex/Air        30%        N/A       9%          5
 Ozocubu's Refrigeration  Ice            47%        4d17      14%         7
 Eringya's Noxious Bog    Tmut/Pois      33%        N/A       30%         6
 Dragon Form              Tmut           43%        N/A       32%         7
 Dispersal                Tloc           30%        N/A       41%         6
 Storm Form               Tmut/Air       40%        N/A       43%         7
 Infestation              Necr           40%        N/A       98%         8
 Maxwell's Capacitive Co  Air            38%        ∞         99%         8
 Enfeeble                 Hex            17%        N/A       100%        7
 Simulacrum               Ice/Necr       Unusable   N/A       N/A         6

Dungeon Overview and Level Annotations

Branches:
Dungeon (15/15)            Temple (1/1) D:4            Lair (5/5) D:10
  Swamp (4/4) Lair:3        Snake (4/4) Lair:3        Slime (0/5) Lair:5
    Orc (2/2) D:12            Elf (3/3) Orc:2        Vaults (4/5) D:14
  Crypt (0/3) Vaults:2     Depths (4/4) D:15            Zot (5/5) Depths:4
  IceCv (visited)         Volcano (visited)          WizLab (visited)
Desolation (visited)

Altars:
Ashenzari
Cheibriados
Dithmenos
Elyvilon
Fedhas
Gozag
Hepliaklqana
Kikubaaqudgha
Makhleb
Nemelex Xobeh
Okawaru
Qazlal
Ru
Sif Muna
Trog
Uskayaw
Vehumet
Wu Jian
Xom
Yredelemnul
Zin
The Shining One
Jiyva
Lugonu

Shops:
D:11 =   D:15 [   Orc:2 [[:***   Snake:2 [   Vaults:4 ?   Depths:1 (
Depths:2 =:=

Portals:
Hell: Lair:5 Depths:1 Depths:2 Depths:3 Depths:4
Abyss: Depths:1 Depths:3
Pandemonium: Depths:1 Depths:2 Depths:3
Ziggurat: Depths:2

Annotations:
Elf:2 3 runed translucent doors
Elf:3 Maxmaps's ghost, adept DrMo
Zot:5 1 transporter


Innate Abilities, Weirdness & Mutations

You are a living statue of rough stone.
Your actions are slow, but your melee attacks are powerful.
You are resistant to unholy torment.
Your maximum health is greatly increased.
You are immune to poison.
Your equipment is partially melded.
You have a pair of small antennae on your head.
You have large cloven feet.
Your magical capacity is low. (-10% MP)
You passively map a small area around you.
You occasionally lose the ability to read scrolls when taking damage.


Message History

There is a stone staircase leading down here.
A lorocyproca comes into view.
Casting: Irradiate (mildly dangerous; 1% risk of failure)
You feel a strong surge of power!
You turn into a living statue of rough stone.
The +1 pair of gloves of Ecies {rElec rN+} melds into your body.
Your +2 pair of boots melds into your body.
Your +2 robe of the Archmagi melds into your body.
You feel strangely numb.
You feel a surge of power!
The entropic shot misses the lorocyproca.
You feel a surge of power!
The entropic shot hits the lorocyproca!!!
The lorocyproca hits you!
You feel your power leaking away.
Aiming: Leda's Unmaking (mildly dangerous; 1% risk of failure)
Press: ? - help, Q - select action, (/) - cycle Shift-Dir - straight line, f/p - lorocyproca
Aim: a lorocyproca (severely wounded, slightly transparent, 77% to hit)
You feel a surge of power!
The entropic shot hits the lorocyproca!!!
The lorocyproca dissolves into a mush of mud and gold!
You kill the lorocyproca!
You now have 8985 gold pieces (gained 6).
There is some mud, summoned here.
There is some mud, summoned here.
There is a stone staircase leading up here.
You start resting.
An Orb Guardian comes into view.
You climb upwards.
There is a stone staircase leading down here.
Unknown command.
(D) Dungeon (T) Temple (L) Lair (S) Swamp (P) Snake Pit (M) Slime Pits (O) Orcish Mines (E) Elven Halls (V) Vaults (C) Crypt (U) Depths (H) Hell (Z) Zot
Where to? (Enter - D:1 @ (x,y), ? - help)
What level of the Dungeon? (default 1, ? - help)
There is an open door here.
There is a staircase leading out of the dungeon here.
You have escaped!

# #####.# #..........## #####
#.### ###.######..# ....# #...###
#..## ###.# ....#
###...###8'8###...# ####### ....#
#..##≈≈~.~≈≈##..# #...... ....#
#.##~~~.P.~~≈##.# #...).. ....#
###≈~P..8..P~≈### #...... ....#
#≈~~.......~≈≈# #...... ....#
#≈P.8..8..8.P~# ######.# ....####
#≈~~.......~~≈# #......#
^.†....####≈≈P..8..P≈≈####.######
.†.....##.##~~~.P.~≈≈##.##.......
.##....##..##≈≈~.~~≈##..#....####
.##.........###8'8###.....####
.##....#########..#......##
.##....# #.......##.## ..#....#
#.##..####.#########


There were no monsters in sight!

Vanquished Creatures
  An orb of fire (Zot:3)
  2 dread liches
  2 juggernauts (Depths:3)
  Parghit (Depths:4)
  Frederick (Vaults:3)
  3 curse toes
  3 caustic shrikes (Depths:4)
  the Enchantress (Depths:3)
  3 golden dragons
  A bone dragon (Depths:4)
  14 tentacled monstrosities
  Zenata (Vaults:4)
  3 walking crystal tomes
  4 electric golems
  Mlioglotl (Snake:2)
  8 Orb Guardians
  7 deep elf blademasters (Elf:3)
  3 liches
  A titan (Depths:4)
  A walking frostbound tome (Depths:2)
  The ghost of Vioczuc the Bludgeoner, an adept TrCK of Xom (Swamp:4)
  A walking divine tome (Depths:4)
  3 sphinxes (Depths:2)
  2 deep elf master archers (Elf:3)
  An ancient champion (Depths:3)
  7 death cobs
  6 thorn hunters
  Gastronok (Lair:3)
  A tengu reaver (Vaults:4)
  5 draconian monks
  5 shadow dragons
  10 storm dragons
  7 nagarajas (Snake:4)
  2 strange machines (WizLab)
  Roxanne (Elf:2)
  4 deep elf sorcerers (Elf:3)
  2 iron dragons
  3 narguns (Zot:1)
  A daeva (Depths:3)
  7 frost giants
  6 fire giants
  4 draconian knights
  7 vault wardens
  3 imperial myrmidons (Desolation)
  An angel (Depths:3)
  A ghost moth (Zot:3)
  Louise (Swamp:2)
  8 draconian shifters
  A balrug (D:9)
  An orc warlord (Orc:1)
  A deep elf elementalist (Elf:3)
  A draconian annihilator (Zot:1)
  8 draconian scorchers
  5 draconian stormcallers
  12 ironbound preservers
  9 stone giants
  4 spriggan defenders
  A formless jellyfish (Vaults:4)
  9 very ugly things
  A reaper (Depths:1)
  10 ironbound thunderhulks
  4 vampire knights
  A lorocyproca (D:2)
  21 dire elephants
  3 eleionomae
  6 deep elf annihilators (Elf:3)
  4 deep elf demonologists
  6 green draconians
  13 red draconians
  8 black draconians
  3 bunyips
  8 yellow draconians
  Azrael (D:13)
  7 spark wasps
  8 white draconians
  6 crystal guardians
  9 purple draconians
  7 ettins
  An entropy weaver (Vaults:2)
  4 yaktaur captains
  6 deep elf high priests
  9 fire dragons
  9 deep elf death magi
  2 shambling mangroves (Swamp:4)
  Josephine (D:15)
  7 great orbs of eyes
  14 ragged hierophants (Desolation)
  14 rakshasas
  9 peacekeepers
  10 servants of whispers (Desolation)
  2 vault guards (Vaults:1)
  13 ice dragons
  19 hydras
  2 ghost crabs
  3 salamander tyrants (Snake:4)
  2 hell beasts (Depths:1)
  2 spriggan air magi (Depths:3)
  6 ogre magi
  3 ironbound frosthearts
  A death knight (D:13)
  2 deep troll shamans
  9 boulder beetles
  2 catoblepae
  9 anacondas
  10 deep troll earth magi
  Erica (D:8)
  18 death yaks
  8 alligators
  12 centaur warriors
  12 two-headed ogres
  19 naga warriors
  2 orc high priests
  32 dancing weapons
  6 tengu warriors
  4 spriggan berserkers
  14 naga sharpshooters
  5 hell knights (Depths:2)
  3 shock serpents
  Nergalle (Lair:1)
  10 deep elf knights
  11 spriggans
  5 sun demons
  A titan skeleton (Depths:1)
  5 skeletal warriors
  A skyshark (Lair:5)
  9 iron trolls
  4 cherubim (Depths:3)
  A flayed ghost (Depths:3)
  The ghost of ZoeForever1 the Thaumaturge, a novice DEFE of Qazlal (Lair:1)
  51 deep trolls
  7 goliath frogs
  3 shadow demons
  A salamander mystic (Snake:1)
  A quicksilver dragon simulacrum (Depths:1)
  16 swamp dragons
  3 glowing orange brains
  2 spriggan druids
  3 phantasmal warriors (Snake:4)
  An obsidian statue (Vaults:2)
  7 naga ritualists
  17 deep elf archers
  11 ironbound convokers
  7 wizards
  12 lindwurms
  8 bog bodies
  2 orc knights (Orc:1)
  A large abomination (Abyss:3)
  3 harpies (Vaults:1)
  3 necromancers
  A wolf spider (shapeshifter) (Depths:2)
  21 deep elf zephyrmancers
  8 mana vipers
  4 oklob plants
  A wolf spider (D:13)
  A fire giant zombie (Depths:1)
  32 deep elf pyromancers
  2 orc sorcerers
  5 will-o-the-wisps
  2 manticores
  11 salamanders
  3 cyclopes
  23 ugly things
  12 vault sentinels
  6 guardian serpents
  2 ice statues
  22 naga magi
  27 moths of wrath
  37 black mambas
  4 elephants
  3 smoke demons (D:12)
  A water nymph (shapeshifter) (D:14)
  A molten gargoyle (Desolation)
  11 cane toads
  2 gargoyles
  4 orange demons (Lair:5)
  10 komodo dragons
  4 rime drakes
  A kobold demonologist (Depths:1)
  2 yaktaurs (shapeshifter) (Elf:1)
  An unseen horror (D:11)
  An efreet (D:13)
  5 freezing wraiths
  A spectral naga (Snake:4)
  17 yaktaurs
  2 tengu conjurers
  2 ice devils (Orc:2)
  2 red devils
  A polar bear (shapeshifter) (D:14)
  A bloated husk (Swamp:2)
  2 hornets (shapeshifter)
  2 hellwings
  2 trolls
  2 polar bears
  11 hornets
  16 blink frogs
  Grinder (D:4)
  Prince Ribbit (D:6)
  2 raiju (shapeshifter) (D:14)
  10 tyrant leeches
  A frost giant simulacrum (Depths:1)
  A dream sheep (D:9)
  56 saltlings (Desolation)
  A dream sheep (shapeshifter) (Depths:4)
  A jumping spider (shapeshifter) (Elf:3)
  18 slime creatures
  8 water elementals
  5 air elementals
  3 jumping spiders (D:13)
  A ynoxinul (Depths:3)
  A vampire (D:13)
  6 wraiths
  A shadow (D:11)
  4 wyverns
  37 yaks
  4 fire elementals
  Eustachio (D:6)
  3 basilisks
  A steam dragon (shapeshifter) (Vaults:4)
  7 death yak simulacra (IceCv)
  9 vampire mosquitoes
  19 swamp worms
  54 nagas
  2 steam dragons
  4 redbacks
  2 wargs
  2 spatial vortices (Abyss:3)
  3 acid dragons
  22 water moccasins
  Duvessa (D:6)
  7 hell hounds
  A floating eye (Depths:2)
  21 orc warriors
  4 black bears
  4 ice beasts
  3 swamp drakes (Swamp:4)
  2 sky beasts
  A floating eye (shapeshifter) (Depths:2)
  7 centaurs
  30 ogres
  9 wolves
  A phantom (D:7)
  4 kobold brigands
  12 bullfrogs
  3 scorpions
  A gnoll sergeant (D:7)
  2 cane toad simulacra (IceCv)
  3 two-headed ogre simulacra (IceCv)
  5 earth elementals
  Dowan (D:6)
  2 elephant simulacra (IceCv)
  9 electric eels
  A vampire bat (Lair:4)
  5 howler monkeys
  4 lava snakes (D:13)
  18 orc priests
  7 hounds
  3 jellies
  A gnoll bouda (D:9)
  A sleepcap (D:5)
  Natasha (thrice) (D:3)
  3 iguanas
  17 orc wizards
  4 troll simulacra (IceCv)
  6 spriggan simulacra (IceCv)
  5 wolf simulacra (IceCv)
  Robin (D:4)
  9 gnolls
  16 adders
  6 naga simulacra (IceCv)
  A shadow imp (D:7)
  11 white imps
  3 ufetubi
  2 dart slugs
  58 orcs
  12 bats
  4 endoplasms
  3 giant cockroaches
  17 goblins
  11 hobgoblins
  9 jackals
  35 kobolds
  4 quokkas
  5 ball pythons
  3 frilled lizards
  6 rats
1904 creatures vanquished.

Vanquished Creatures (collateral kills)
  3 dread liches (Zot:5)
  2 ancient liches (Zot:5)
  A juggernaut (Depths:2)
  A Killer Klown (Zot:5)
  2 caustic shrikes (Depths:4)
  An electric golem (Zot:5)
  9 Orb Guardians (Zot:5)
  2 storm dragons (Zot:5)
  A draconian knight (Zot:5)
  2 ghost moths (Zot:5)
  A vault warden (Vaults:4)
  A vampire knight (Depths:4)
  A black draconian (Zot:5)
  A dire elephant (Lair:5)
  2 purple draconians (Zot:5)
  An ettin (Depths:2)
  2 fire dragons (Depths:2)
  A hydra (Swamp:2)
  A servant of whispers (Desolation)
  A centaur warrior (Vaults:1)
  A deep troll earth mage (Depths:2)
  A goliath frog (Swamp:2)
  2 deep trolls
  A shadow demon (Zot:5)
  2 phantasmal warriors (Depths:4)
  2 moths of wrath (Zot:5)
  2 salamanders (Volcano)
  2 ugly things (D:14)
  A saltling (Desolation)
  2 fire elementals (D:13)
  4 yaks (Lair:1)
  A water moccasin (Lair:1)
  2 orc warriors (Orc:1)
  A wolf (Lair:1)
  5 bullfrogs (Lair:1)
65 creatures vanquished.

Vanquished Creatures (others)
  An ancient lich (Zot:5)
  An orb of fire (Zot:5)
  A Killer Klown (Zot:5)
  A tentacled monstrosity (Zot:5)
  7 Orb Guardians (Zot:5)
  A draconian monk (Zot:5)
  A draconian knight (Zot:5)
  A draconian scorcher (Zot:5)
  A formless jellyfish (Vaults:4)
  A green draconian (Zot:5)
  A black draconian (Zot:5)
  2 white draconians (Zot:5)
  A vampire mage (Depths:1)
  A bog body (IceCv)
  An orange crystal statue (Zot:5)
  An ugly thing (D:14)
  A naga mage (Snake:1)
  A bloated husk (Swamp:2)
  A jumping spider (D:13)
  A glowing shapeshifter zombie (Depths:1)
  A swamp worm (Swamp:2)
  A water moccasin (Lair:5)
  An orc wizard (D:7)
  12 foxfires (Swamp:4)
  4 starspawn tentacles (Abyss:3)
46 creatures vanquished.

Grand Total: 2015 creatures vanquished

Notes
Turn   | Place    | Note
-------+----------+-------------------------------------------
     0 | D:1      | ragingrage the Human Earth Elementalist began the quest for
                  | the Orb.
     0 | D:1      | Reached XP level 1. HP: 13/13 MP: 3/3
   164 | D:1      | Reached XP level 2. HP: 19/19 MP: 1/5
   658 | D:1      | Reached XP level 3. HP: 24/24 MP: 2/6
  1252 | D:2      | Reached XP level 4. HP: 30/30 MP: 5/7
  1785 | D:2      | Found a faded altar of an unknown god.
  2048 | D:3      | Learned a level 2 spell: Passwall
  2052 | D:3      | Learned a level 3 spell: Stone Arrow
  2088 | D:3      | Reached skill level 5 in Earth Magic
  2145 | D:3      | Found a bloodstained altar of Trog.
  2193 | D:3      | Noticed Natasha
  2196 | D:3      | Killed Natasha
  2197 | D:3      | Reached skill level 1 in Conjurations
  2197 | D:3      | Reached XP level 5. HP: 35/35 MP: 4/8
  2504 | D:3      | Noticed Natasha
  2506 | D:3      | Killed Natasha
  2607 | D:3      | Found a basalt altar of Yredelemnul.
  2609 | D:3      | Noticed Natasha
  3000 | D:3      | Gained mutation: You have large cloven feet. [potion of
                  | mutation]
  3000 | D:3      | Gained mutation: Your magical capacity is low. (-10% MP)
                  | [potion of mutation]
  3000 | D:3      | Gained mutation: You passively map a small area around you.
                  | [potion of mutation]
  3017 | D:3      | Reached XP level 6. HP: 33/41 MP: 4/8
  3353 | D:3      | Killed Natasha
  3484 | D:3      | Found a bloodstained altar of Trog.
  3580 | D:3      | Found a basalt altar of Yredelemnul.
  4077 | D:4      | Found a staircase to the Ecumenical Temple.
  4086 | Temple   | Entered the Ecumenical Temple
  4087 | Temple   | Upgraded the game from 0.31-a0-115-g4708a659fe to
                  | 0.31-a0-117-g42d8f58691
  4091 | Temple   | Became a worshipper of Gozag Ym Sagoz the Greedy
  4601 | D:4      | Noticed Robin
  4604 | D:4      | Killed Robin
  4874 | D:4      | Reached XP level 7. HP: 46/46 MP: 6/9
  4990 | D:4      | Noticed Grinder
  5005 | D:4      | Paralysed by Grinder for 3 turns
  5178 | D:4      | Killed Grinder
  5179 | D:4      | Reached skill level 5 in Conjurations
  5747 | D:5      | Entered Level 5 of the Dungeon
  5754 | D:5      | Reached skill level 1 in Fighting
  6030 | D:5      | Reached XP level 8. HP: 54/54 MP: 5/10
  7598 | D:6      | Reached skill level 1 in Armour
  7598 | D:6      | Reached XP level 9. HP: 67/67 MP: 8/12
  7657 | D:6      | Noticed Dowan
  7677 | D:6      | Found a burning altar of Makhleb.
  7678 | D:6      | Noticed Prince Ribbit
  7707 | D:6      | Killed Prince Ribbit
  7708 | D:6      | Reached skill level 5 in Fighting
  7941 | D:6      | Noticed Eustachio
  7956 | D:6      | Killed Eustachio
  8236 | D:6      | Noticed Duvessa
  8283 | D:6      | Killed Duvessa
  9119 | D:6      | Found a sparkling altar of Nemelex Xobeh.
  9220 | D:6      | Killed Dowan
 10006 | D:7      | Found a shadowy altar of Dithmenos.
 10764 | D:7      | Reached XP level 10. HP: 71/76 MP: 0/15
 11550 | D:7      | Reached skill level 5 in Spellcasting
 11672 | D:8      | Identified the staff of earth "Voedefea" {rC+ Int+5}
 11830 | D:7      | Reached skill level 5 in Dodging
 11830 | D:7      | Reached skill level 1 in Evocations
 11953 | D:8      | Identified the +2 scale mail "Zuijent" {Int+2}
 11971 | D:8      | Found a shimmering altar of Xom.
 11973 | D:8      | Noticed an angel
 11982 | D:8      | Found a glowing silver altar of Zin.
 12189 | D:8      | Noticed Erica
 12197 | D:8      | Killed Erica
 13594 | D:9      | Reached XP level 11. HP: 89/89 MP: 6/16
 14564 | D:10     | Entered Level 10 of the Dungeon
 14967 | D:10     | Found a staircase to the Lair.
 15145 | D:10     | Found a large runed translucent door.
 15146 | D:10     | Found a large runed translucent door.
 15419 | D:10     | Paralysed by an air elemental for 1 turns
 15659 | D:11     | Noticed a two-headed ogre
 15673 | D:11     | Killed a two-headed ogre
 15956 | D:11     | Found Iheusuh's Jewellery Shoppe.
 16007 | D:11     | Bought an amulet of magic regeneration for 390 gold pieces
 16398 | D:12     | Noticed a manticore
 16436 | D:12     | Noticed a deep elf pyromancer
 16450 | D:12     | Killed a deep elf pyromancer
 16453 | D:12     | Noticed a boulder beetle
 16463 | D:12     | Killed a boulder beetle
 16520 | D:12     | Reached XP level 12. HP: 95/95 MP: 11/20
 16800 | D:12     | Found a staircase to the Orcish Mines.
 17264 | D:12     | Reached skill level 10 in Dodging
 17284 | D:11     | Bought a +4 ring of protection for 468 gold pieces
 17575 | D:12     | Reached skill level 5 in Evocations
 18127 | D:13     | Noticed a boulder beetle
 18139 | D:13     | Killed a boulder beetle
 18181 | D:13     | Noticed Azrael
 18202 | D:13     | Killed Azrael
 18220 | D:13     | Reached skill level 5 in Armour
 18829 | D:13     | Noticed a boulder beetle
 18855 | D:13     | Killed a boulder beetle
 18975 | D:13     | Reached XP level 13. HP: 101/101 MP: 12/21
 18996 | D:13     | Identified the +10 plate armour "Guro" {rN+ Str+5 Dex+3}
 19034 | D:13     | Noticed a centaur warrior
 19039 | D:13     | Killed a centaur warrior
 19135 | D:13     | Found a runed translucent door.
 19519 | D:13     | Identified the +4 whip of the Eight Places {heavy, Dex+5}
 19521 | D:13     | Found a runed translucent gate.
 19521 | D:13     | Found a runed translucent gate.
 19521 | D:13     | Found a runed translucent gate.
 19521 | D:13     | Found a runed translucent gate.
 19521 | D:13     | Found a runed translucent gate.
 19521 | D:13     | Found a runed translucent gate.
 19651 | Lair:1   | Entered Level 1 of the Lair of Beasts
 19665 | Lair:1   | Found a runed translucent gate.
 19702 | Lair:1   | Found a runed translucent gate.
 19703 | Lair:1   | Found a runed translucent gate.
 19703 | Lair:1   | Noticed ZoeForever1's ghost (novice DEFE)
 19703 | Lair:1   | Noticed a 12-headed hydra
 19704 | Lair:1   | Noticed a nine-headed hydra
 19758 | Lair:1   | Noticed Nergalle
 19764 | Lair:1   | Killed Nergalle
 19917 | Lair:1   | Found a dark tunnel.
 19947 | Volcano  | Entered a volcano
 21119 | Lair:2   | Reached skill level 10 in Fighting
 21119 | Lair:2   | Reached skill level 10 in Evocations
 21933 | Lair:2   | Identified a scroll of acquirement
 21933 | Lair:2   | Acquired the +1 pair of gloves of Ecies {rElec rN+}
 22006 | Lair:3   | Reached XP level 14. HP: 107/113 MP: 9/22
 22641 | Lair:3   | Found a staircase to the Snake Pit.
 22737 | Lair:3   | Noticed Gastronok
 22872 | Lair:3   | Killed Gastronok
 23043 | Lair:3   | Learned a level 3 spell: Swiftness
 23245 | Lair:2   | Reached skill level 1 in Air Magic
 23402 | Lair:3   | Found a staircase to the Swamp.
 25420 | Lair:5   | Entered Level 5 of the Lair of Beasts
 25449 | Lair:5   | Noticed Sonja
 25450 | Lair:5   | Sonja changed into Sonja the ice beast
 25450 | Lair:5   | Noticed Sonja
 25452 | Lair:5   | Killed Sonja the ice beast
 26050 | Orc:1    | Entered Level 1 of the Orcish Mines
 26280 | Orc:1    | Noticed an orc warlord
 26324 | Orc:1    | Killed an orc warlord
 26583 | Orc:1    | Reached XP level 15. HP: 105/123 MP: 1/25
 27727 | Orc:2    | Entered Level 2 of the Orcish Mines
 27772 | Orc:2    | Found a frozen archway.
 27819 | IceCv    | Entered an ice cave
 28915 | IceCv    | Got Cuseoluz's Papyrus of Freezing
 29080 | Orc:2    | Found Bofucky's Antique Armour Shoppe.
 29087 | Orc:2    | Bought a smoking cloak for 266 gold pieces
 29087 | Orc:2    | Identified the +4 cloak of Conscience {Dex+4} (You bought
                  | it in a shop on level 2 of the Orcish Mines)
 29141 | Orc:2    | Found a staircase to the Elven Halls.
 29162 | Orc:2    | Found Zetycw's Specific Store.
 29167 | Orc:2    | Found Tepnumoy's General Store.
 29172 | Orc:2    | Bought a potion of heal wounds for 60 gold pieces
 29172 | Orc:2    | Bought a scroll of fear for 48 gold pieces
 29542 | Orc:2    | Reached skill level 10 in Spellcasting
 29795 | Orc:2    | Reached skill level 10 in Armour
 30109 | Orc:2    | Found Icwib's Book Emporium.
 30109 | Orc:2    | Found Hamoe's Armour Boutique.
 30109 | Orc:2    | Found Oklaojam's Assorted Antiques.
 30109 | Orc:2    | Found Gacw's Antique Armour Emporium.
 30117 | Orc:2    | Bought a potion of heal wounds for 160 gold pieces
 30796 | Orc:2    | Bought a book of Vapours for 286 gold pieces
 30796 | Orc:2    | Bought a book of Spatial Translocations for 198 gold pieces
 30799 | Orc:2    | Learned a level 2 spell: Blink
 30805 | Orc:2    | Learned a level 5 spell: Freezing Cloud
 31127 | Orc:2    | Bought a book of Transfigurations for 440 gold pieces
 31133 | Orc:2    | Learned a level 5 spell: Irradiate
 31332 | Lair:5   | Reached skill level 1 in Translocations
 31332 | Lair:5   | Reached skill level 1 in Ice Magic
 32118 | Lair:5   | Reached XP level 16. HP: 125/131 MP: 16/27
 32250 | Lair:5   | Found a viscous altar of Jiyva.
 32251 | Lair:5   | Found a staircase to the Slime Pits.
 33201 | Lair:5   | Found a burning altar of Makhleb.
 33464 | Lair:5   | Found a gateway to Hell.
 34004 | D:13     | Identified the ring "Xexoc" {Fire Fly Stlth+}
 34614 | D:14     | Found a gate to the Vaults.
 35332 | D:14     | Reached skill level 5 in Transmutations
 35545 | D:14     | Reached skill level 5 in Ice Magic
 35857 | D:14     | Learned a level 5 spell: Borgnjor's Vile Clutch
 35862 | D:15     | Entered Level 15 of the Dungeon
 35967 | D:15     | Reached skill level 1 in Necromancy
 36254 | D:15     | Found an opulent altar of Gozag.
 36300 | D:15     | Noticed Nessos
 36303 | D:15     | Nessos changed into Nessos the salamander
 36303 | D:15     | Noticed Nessos
 36312 | D:15     | Killed Nessos the salamander
 36337 | D:15     | Found Asuhuasm's Antique Armour Shop.
 36371 | D:15     | Bought a smoking scale mail for 315 gold pieces
 36371 | D:15     | Identified the +1 scale mail of the Jackalope {Str-3 Dex+6
                  | Stlth+} (You bought it in a shop on level 15 of the
                  | Dungeon)
 36415 | D:15     | Noticed Josephine
 36423 | D:15     | Killed Josephine
 37233 | D:15     | Found a staircase to the Depths.
 37464 | D:15     | Reached XP level 17. HP: 136/139 MP: 15/28
 37733 | Snake:1  | Entered Level 1 of the Snake Pit
 39052 | Snake:1  | Reached skill level 10 in Conjurations
 39414 | Snake:2  | Found Rouhyuxou's Antique Armour Shop.
 39864 | Snake:2  | Noticed Mlioglotl
 39873 | Snake:2  | Killed Mlioglotl
 40311 | Snake:2  | Reached skill level 5 in Necromancy
 41659 | Snake:3  | Reached XP level 18. HP: 88/144 MP: 6/29
 41713 | Snake:3  | Reached skill level 5 in Air Magic
 42500 | Snake:4  | Entered Level 4 of the Snake Pit
 43655 | Snake:4  | Identified the +0 pair of gloves "Zupas" {+Blink Dex+3}
 45279 | Snake:4  | Got a serpentine rune of Zot
 45620 | Elf:1    | Entered Level 1 of the Elven Halls
 45624 | Elf:1    | Paralysed by an air elemental for 1 turns
 45628 | Elf:1    | Reached skill level 10 in Earth Magic
 46079 | Elf:1    | Reached XP level 19. HP: 152/152 MP: 24/32
 46805 | Elf:2    | Paralysed by an air elemental for 1 turns
 46808 | Elf:2    | Paralysed by an air elemental for 1 turns
 47113 | Elf:2    | Found a crumbling gateway.
 47162 | Desolati | Entered the Desolation of Salt
 47364 | Desolati | Identified the +0 leather armour of Beykk {rN++}
 47382 | Desolati | Gained mutation: You have a pair of small antennae on your
                  | head. [mutagenic glow]
 47389 | Desolati | Identified the staff of fire "Wiate" {rF+ Will+ Str+6 Dex-3
                  | Stlth+}
 47397 | Desolati | Identified the +8 mace "Girudos" {flame, rC- MP+9 Dex+3}
 47837 | Desolati | Reached skill level 10 in Ice Magic
 48212 | Desolati | Found the +8 longbow "Zephyr" {speed, Dex+3 SInv}
 48217 | Desolati | Identified the +9 scimitar "Waempe" {drain, Contam rN+
                  | Int+4 Stlth+}
 48225 | Desolati | Identified the staff of poison "Vuelorowuc" {rPois rC+
                  | Int+3}
 48227 | Desolati | Identified the +2 shortbow of the Yoke {flame, rF+ Str+3
                  | Int+4}
 48391 | Desolati | Identified the +6 eveningstar of Ufouphuf {venom, rPois
                  | SInv}
 48411 | Desolati | Reached XP level 20. HP: 159/159 MP: 3/34
 48476 | Desolati | Identified the amulet of Hyhumn {Contam rF+ rN+ Regen+
                  | Dex+2}
 48635 | Desolati | Identified the +3 broad axe of World Downfall {pain, rF+
                  | rC++ Int+3}
 48646 | Desolati | Identified the +8 trident of Red Wine {venom, *Rage rCorr
                  | MP+9 Dex-3}
 49196 | Desolati | Identified the +0 short sword "Hydrabane" {freeze, rPois
                  | rF+ Dex+4}
 49207 | Desolati | Got the Guide on the Violent Tundra
 49213 | Desolati | Got the Spellbook of Electric Snow
 49458 | Elf:2    | Noticed Roxanne
 49958 | Elf:2    | Found a runed translucent gate.
 49958 | Elf:2    | Found a runed translucent gate.
 49960 | Elf:2    | Found a runed translucent gate.
 50049 | Elf:2    | Reached skill level 15 in Fighting
 50632 | Elf:3    | Entered Level 3 of the Elven Halls
 51083 | Elf:2    | Killed Roxanne
 51111 | Elf:2    | Learned a level 5 spell: Lee's Rapid Deconstruction
 51118 | Elf:2    | Learned a level 6 spell: Leda's Unmaking
 51640 | Elf:3    | Found a transporter.
 51647 | Elf:3    | Found a bloodstained altar of Trog.
 51659 | Elf:3    | Noticed Maxmaps's ghost (adept DrMo)
 51671 | Elf:3    | Found a transporter.
 52290 | Elf:3    | Noticed a Hell Sentinel
 52684 | Elf:3    | Noticed a Hell Sentinel
 52954 | Elf:3    | Identified the +4 chain mail "Muarph" {*Slow Regen+ Str+2
                  | Int+10}
 53012 | Elf:3    | Identified the amulet "Sinkoc" {Acrobat rCorr Int+2}
 53015 | Abyss:3  | Cast into level 3 of the Abyss (a deep elf sorcerer)
 53054 | Abyss:3  | Found a corrupted altar of Lugonu.
 53054 | Abyss:3  | Noticed a hellephant
 53065 | Abyss:3  | Got an abyssal rune of Zot
 53077 | Elf:3    | Escaped the Abyss
 53525 | Elf:3    | Identified the +6 scimitar of Kisium {freeze, rElec Str-5
                  | Int+3}
 53526 | Elf:3    | Identified the amulet "Nirich" {RegenMP rPois rC- Int+8}
 53528 | Elf:3    | Reached XP level 21. HP: 168/168 MP: 13/35
 53965 | Elf:3    | Identified the staff of fire "Lorphab" {Drain rPois rF+
                  | Str+5 Dex+4}
 53977 | Elf:3    | Identified the +0 pair of gloves of Love and Death {Dex+5
                  | Stlth+}
 53980 | Elf:3    | Identified the +3 sling "Loseunk Fyta" {flame, Int+5}
 54020 | Elf:3    | Learned a level 6 spell: Statue Form
 54295 | Swamp:1  | Entered Level 1 of the Swamp
 54652 | Swamp:1  | Reached skill level 1 in Staves
 55235 | Swamp:2  | Noticed Louise
 55245 | Swamp:2  | Killed Louise
 55246 | Swamp:2  | Reached skill level 15 in Dodging
 55618 | Swamp:2  | Reached skill level 1 in Shields
 55863 | Snake:2  | Bought an embroidered robe for 170 gold pieces
 57073 | Swamp:3  | Found the +3 giant club "Skullcrusher" {speed, Str+7}
 57084 | Swamp:3  | Identified the staff of earth "Uvukkac" {Contam rC++ Int+5}
 57179 | Swamp:4  | Entered Level 4 of the Swamp
 57376 | Swamp:4  | Reached skill level 5 in Shields
 58154 | Swamp:4  | Got the Catalogue of Glowing Doom
 58290 | Swamp:4  | Got a decaying rune of Zot
 58352 | Swamp:4  | Found a runed translucent door.
 58362 | Swamp:4  | Noticed Vioczuc's ghost (adept TrCK)
 58639 | Swamp:4  | Killed Vioczuc's ghost
 58640 | Swamp:4  | Reached XP level 22. HP: 175/175 MP: 1/36
 58648 | Swamp:4  | Got the Handbook of Ghoulish Injury
 58834 | Lair:1   | Killed ZoeForever1's ghost
 59769 | Vaults:1 | Entered Level 1 of the Vaults
 59868 | Vaults:1 | Found a magical portal.
 59882 | WizLab   | Entered Tukima's Studio
 59899 | WizLab   | Reached skill level 15 in Earth Magic
 60104 | WizLab   | Learned a level 1 spell: Apportation
 60373 | WizLab   | Reached skill level 5 in Stealth
 60709 | WizLab   | Noticed ragingrage's illusion
 60742 | WizLab   | Identified the scarf of the Quiescent God {rC+ rF+, Drain
                  | Int+3 Slay+2}
 61838 | Vaults:1 | Reached skill level 5 in Staves
 61931 | Vaults:1 | Identified the +4 scale mail of Honour {+Inv Fly Int-5
                  | Stlth+}
 62423 | Vaults:1 | Reached skill level 10 in Stealth
 62432 | Vaults:1 | Reached skill level 10 in Shields
 62432 | Vaults:1 | Reached XP level 23. HP: 181/181 MP: 12/36
 63275 | Vaults:2 | Found a staircase to the Crypt.
 63275 | Vaults:2 | Found a basalt altar of Yredelemnul.
 63275 | Vaults:2 | Found an ancient bone altar of Kikubaaqudgha.
 63360 | Vaults:2 | Learned a level 2 spell: Wereblood
 63360 | Vaults:2 | Acquired 987 gold pieces
 64482 | Vaults:3 | Noticed Frederick
 64491 | Vaults:3 | Killed Frederick
 65101 | Vaults:3 | You fall into a shaft and drop 1 floor!
 65872 | Vaults:4 | Noticed Zenata
 65880 | Vaults:4 | Killed Zenata
 67773 | Vaults:4 | Found Jur Wufic's Magic Scroll Shop.
 67885 | Depths:1 | Entered Level 1 of the Depths
 67924 | Depths:1 | Found Komeyn's Weapon Shoppe.
 68033 | Depths:1 | Reached XP level 24. HP: 188/188 MP: 8/36
 68099 | Depths:1 | Identified the +9 dire flail "Yrauweu" {speed, Contam rElec
                  | rPois rC+++}
 68400 | Depths:1 | Found a one-way gate to the infinite horrors of the Abyss.
 68523 | Depths:1 | Found a one-way gate leading to the halls of Pandemonium.
 69044 | Depths:2 | Noticed a dread lich
 69044 | Depths:2 | Found a one-way gateway to a ziggurat.
 69049 | Depths:2 | Killed a dread lich
 69243 | Depths:2 | Noticed a juggernaut
 69247 | Depths:2 | Reached skill level 10 in Staves
 69253 | Depths:2 | Killed a juggernaut
 69585 | Depths:2 | Identified the +8 whip of Idydgh {spect, rF+ rN+ Str+5}
 69827 | Depths:2 | Found Vyrosi Qasso's Jewellery Shoppe.
 69828 | Depths:2 | Found Noluups's Book Shop.
 69829 | Depths:2 | Found Wium Nae's Jewellery Shoppe.
 69834 | Depths:2 | Bought the ring of the Firefly {rElec rC+ Will+ Int+6} for
                  | 1001 gold pieces
 70411 | Depths:2 | Found a snail-covered altar of Cheibriados.
 70411 | Depths:2 | Found a shimmering altar of Xom.
 70413 | Depths:2 | Found a shimmering altar of Xom.
 70413 | Depths:2 | Found a shadowy altar of Dithmenos.
 70935 | Depths:3 | Found a basalt altar of Yredelemnul.
 70942 | Depths:3 | Paralysed by a vampire knight for 3 turns
 71376 | Depths:3 | Noticed the Enchantress
 71437 | Depths:3 | Found a corrupted altar of Lugonu.
 71481 | Depths:3 | Noticed a juggernaut
 71640 | Depths:3 | Reached XP level 25. HP: 194/194 MP: 28/36
 72037 | Depths:3 | Killed a juggernaut
 72187 | Depths:3 | Killed the Enchantress
 72373 | Depths:3 | Noticed a juggernaut
 72379 | Depths:3 | Killed a juggernaut
 72858 | Depths:4 | Entered Level 4 of the Depths
 72936 | Depths:4 | Noticed a caustic shrike
 72939 | Depths:4 | Noticed a caustic shrike
 72939 | Depths:4 | Noticed a caustic shrike
 72942 | Depths:4 | Killed a caustic shrike
 72942 | Depths:4 | Killed a caustic shrike
 72942 | Depths:4 | Noticed a caustic shrike
 72943 | Depths:4 | Reached skill level 15 in Shields
 72943 | Depths:4 | Killed a caustic shrike
 72943 | Depths:4 | Noticed a caustic shrike
 72947 | Depths:4 | Killed a caustic shrike
 72950 | Depths:4 | Killed a caustic shrike
 74087 | Depths:4 | Noticed Parghit
 74103 | Depths:4 | Gained mutation: You occasionally lose the ability to read
                  | scrolls when taking damage. [mutagenic glow]
 74105 | Depths:4 | Killed Parghit
 74215 | Depths:4 | Found a gate to the Realm of Zot.
 75293 | Zot:1    | Entered Level 1 of the Realm of Zot
 75328 | Zot:1    | Learned a level 8 spell: Lehudib's Crystal Spear
 76022 | Zot:1    | Identified the +7 double sword of the Blind Eye {flame,
                  | rElec}
 76022 | Zot:1    | Identified the +4 double sword of Intuition {antimagic,
                  | Drain +Blink Dex+3}
 76266 | Zot:1    | Reached XP level 26. HP: 202/202 MP: 18/36
 77240 | Orc:2    | Bought a scroll of magic mapping for 90 gold pieces
 77745 | Zot:2    | You fall into a shaft and drop 2 floors!
 77770 | Zot:3    | Noticed a curse toe
 77779 | Zot:3    | Killed a curse toe
 78218 | Zot:3    | Noticed an orb of fire
 78224 | Zot:3    | Killed an orb of fire
 78288 | Zot:3    | Reached skill level 15 in Evocations
 80947 | Zot:4    | Noticed a curse toe
 80952 | Zot:4    | Killed a curse toe
 81290 | Zot:4    | Identified the +9 war axe of Twilight {freeze, rF+ Str+3
                  | Int+4}
 81532 | Zot:4    | Reached XP level 27. HP: 158/213 MP: 14/36
 81872 | Zot:5    | Entered Level 5 of the Realm of Zot
 82344 | Zot:5    | Noticed a dread lich
 82635 | Zot:5    | Found a transporter.
 82697 | Zot:5    | Noticed a dread lich
 82708 | Zot:5    | Killed a dread lich
 82985 | Zot:5    | Noticed an ancient lich
 82990 | Zot:5    | Noticed a Killer Klown
 83026 | Zot:5    | Noticed an orb of fire
 83028 | Zot:5    | Noticed a Killer Klown
 83033 | Zot:5    | Noticed a dread lich
 83035 | Zot:5    | Noticed an orb of fire
 83042 | Zot:5    | Killed a dread lich
 83043 | Zot:5    | Killed an ancient lich
 83045 | Zot:5    | Killed a dread lich
 83046 | Zot:5    | Killed a Killer Klown
 83047 | Zot:5    | Reached skill level 15 in Conjurations
 83048 | Zot:5    | Killed an ancient lich
 83634 | Zot:5    | Got the Orb of Zot
 84268 | D:$      | Escaped with the Orb!

Illustrated notes

Levels and vault maps discovered:
D:1:      lightli_arrival_statuegarden, layout_basic, minmay_unequal
D:2:      layout_basic, dreamdust_ecumenical_altar_angels_and_demons
D:3:      layout_loops_corners, mainiacjoe_overflow_small_starburst,
          mainiacjoe_overflow_six_doors_small, uniq_natasha
D:4:      layout_cave_pods, lemuel_temple_firewalk_b, uniq_grinder, uniq_robin
D:5:      layout_loops_ring, st_stairs_13
D:6:      cheibrodos_thug_alley, layout_loops_cross, makhleb_heckhound_becter,
          nemelex_dance_club_becter, uniq_prince_ribbit1, uniq_eustachio,
          uniq_duvessa
D:7:      layout_cave_pods, mainiacjoe_overflow_alcove_2
D:8:      layout_cave_pods, grunt_temple_overflow_order_and_chaos_1,
          minmay_bent, uniq_erica
D:9:      layout_loops_ring, dreamdust_gnoll_shepherd
D:10:     layout_rooms, dpeg_oklobed_lair, lightli_elemental_guards
D:11:     layout_cave_pools, serial_shops, nicolae_shop_rolling_square
D:12:     layout_rooms, david_orc_2
D:13:     gammafunk_indiana_jones, layout_basic, uniq_azrael
D:14:     layout_roguey, david_vaults_2, minivault_14, serial_corexii_hall,
          chequers_hall_statues_y, corexii_hall_statues_t,
          corexii_hall_statues_t, corexii_hall_statues_u, minivault_16,
          minmay_misc_feat_enclosed
D:15:     grunt_enter_depths_hoard, layout_irregular_city, serial_shops,
          nicolae_shop_advertising_works [nicolae_subvault_shop_adworks],
          grunt_gozag_statues, uniq_nessos, uniq_josephine
Temple:   minmay_freezing_vapour_temple
Lair:1:   layout_concentric_octagons, gammafunk_ghost_hydra_chop,
          nicolae_volcano_entry_hallway, nicolae_quartered_pool_little,
          beast_lair_carwin_5, uniq_nergalle
Lair:2:   layout_misc_corridors, grunt_forest_stairs_basic, minivault_26
Lair:3:   layout_layer_cave, swamp_mist_pool, minmay_snake_entry_six_corridors,
          disabler_island, uniq_gastronok
Lair:4:   layout_cellular_growth, roderic_batcave
Lair:5:   evil_forest, layout_loops_ring, dpeg_slime_entry_corner, st_stairs_4,
          wad_woods_06, amcnicky_mini_pool_medium, uniq_sonja
Swamp:1:  layout_basic_swamp, hangedman_swamp_cone, st_swamp_ruins_3
Swamp:2:  layout_basic_swamp, evilmike_swamp_ruin_house_6, swamp_pool1,
          uniq_louise
Swamp:3:  dpeg_oklob_gauntlet, layout_falls_marsh, nicolae_swamp_round_clearing,
          swamp_pool1
Swamp:4:  swamp_alternative, layout_basic_swamp, ebering_ghost_reflecting_pool,
          swamp_pool4
Snake:1:  layout_onion, st_stairs_5, grunt_megastairs_5
Snake:2:  layout_gridlike, serial_shops, nicolae_shop_trees, grunt_megastairs_3,
          serial_bayou_shore_b, uniq_mlioglotl
Snake:3:  layout_gridlike, grunt_ministairs_9, nicolae_snake_gridmaze_spiral,
          abandoned_shop, serial_bayou_pond_d
Snake:4:  minmay_snake_end_coiled, layout_chambers,
          nicolae_snake_ghostly_warrior_ritual
Orc:1:    orc_temple, layout_caves, basic_altar, mines3_lemuel
Orc:2:    st_orc_ogre_mass, layout_diamond_mine, serial_shops,
          nicolae_shop_crystal, portal_ice_cave_demonic_guard,
          nicolae_specific_store
Elf:1:    nicolae_elf_arrival_aired_out, layout_gridlike,
          hangedman_elven_crosses_minicolossus
Elf:2:    elven_hall_of_blades_hangedman_original [nicolae_blade_lattice],
          layout_loops_ring, portal_desolation_entry_ruin, st_stairs_2,
          minmay_misc_feat_pillars, uniq_roxanne
Elf:3:    minmay_elf_hall_circle, layout_gridlike,
          gammafunk_ghost_wrathful_warriors
Vaults:1: mu_enter_wizlab_3, ontoclasm_vaults_claustrophobia, vaults_dpeg_ring,
          nicolae_vaults_know_your_exits, hangedman_vaults_nails, serial_ice_m,
          nicolae_vaults_little_squares_3, v_misc_29,
          nicolae_vaults_ellipses_ellipsis, nicolae_vaults_shelves_hall,
          v_misc_26, v_misc_18, nicolae_vaults_six-pack, layout_vaults_maze
Vaults:2: vaults_room_door_ring, minmay_crypt_entry_necro_gods,
          nicolae_vaults_alarming, nicolae_vaults_variable_pillar_hall_cross,
          nicolae_vaults_tetromino_T_2, vaults_room_corners,
          nicolae_vaults_statue_guard, hangedman_vaults_snaps,
          nicolae_vaults_tetromino_Z_1, nicolae_vaults_asterisk,
          nicolae_vaults_little_ls, nicolae_vaults_what_the_h,
          nicolae_vaults_shelves_hall, layout_vaults_big_room
Vaults:3: v_misc_28, v_pattern_2, nicolae_vaults_shipping_containers_3,
          vaults_dpeg_spiral, nicolae_vaults_back_hallway,
          vaults_mumra_chevron_long, layout_vaults_omnigrid, uniq_frederick
Vaults:4: v_misc_5, nicolae_vaults_security_offices_2,
          nicolae_vaults_circle_grid_b, nicolae_vaults_weapon_check,
          ontoclasm_vaults_gateway, dpeg_vaults_monster_row,
          nicolae_vaults_rhombus_6, v_rooms_5, vaults_room_fancy_cross,
          nicolae_vaults_network_square, hangedman_vaults_impose,
          layout_vaults_omnicross, serial_shops, shop, uniq_zenata
Depths:1: layout_gridlike, grunt_mini_vestibule, minivault_11,
          rand_demon_pan_entry_3, abyss_entry, serial_shops,
          nicolae_shop_back_alley_shop, serial_bayou_pond_e,
          nrook_kobold_shadow_demons
Depths:2: minmay_the_grid_octo_tiled_octocenter_mashed
          [minmay_the_grid_octo_shrine, minmay_the_grid_octo_checkerflower,
          minmay_the_grid_octo_horde, minmay_the_grid_octo_pinwheel,
          minmay_the_grid_octo_prize_big_c,
          minmay_the_grid_square_5x5_beaten_path, minmay_the_grid_square_5x5_v,
          minmay_the_grid_square_5x5_fat_x,
          minmay_the_grid_square_5x5_bracketed], layout_honeycomb,
          enter_ziggurat_d, hell_entry, rand_demon_pan_entry_7,
          hangedman_abyss_or_decor_jellyfish_corner, serial_bayou_shore_b,
          minmay_shop_grove
Depths:3: dreamdust_under_siege, layout_cave_pools, nrook_campfire,
          grunt_pan_entry_zigzag, abyss_entry_flame_altar,
          grunt_hell_entry_dis_grunt, drop_trap, minmay_misc_feat_chi,
          firewood_loft, uniq_enchantress
Depths:4: grunt_zot_entry_gee_three, layout_honeycomb, minmay_crystal_water,
          hell_entry, roderic_lattice_a, uniq_josephina, uniq_parghit
Zot:1:    layout_gridville, nicolae_rock_paper_scissors
Zot:2:    layout_gridlike, bh_zot_levy_curve
Zot:3:    layout_gridlike, drop_trap
Zot:4:    nicolae_zot_stationary_front, layout_gridlike, nicolae_zot_crop_circle
Zot:5:    layout_twisted_circle, nicolae_diode_basic

Skill      XL: |  1  2  3  4  5  6  7  8  9 10 11 12 13 14 15 16 17 18 19 20 21 22 23 24 25 26 27 |
---------------+----------------------------------------------------------------------------------+-----
Earth Magic    | 4 5 6 7 8 10 11 12 14 15 | 15.9
Conjurations   | 1 2 4 5 6 8 10 11 13 15 | 15.0
Fighting       | 1 4 5 9 11 13 14 15 16 18 | 18.1
Stealth        | 3 10 13 | 13.7
Spellcasting   | 3 4 5 7 9 10 11 13 14 | 14.0
Armour         | 1 3 6 7 8 11 | 11.0
Dodging        | 4 6 9 11 14 15 | 15.0
Evocations     | 2 3 6 10 11 13 14 15 | 15.0
Air Magic      | 4 6 |  6.0
Translocations | 2 3 |  3.0
Ice Magic      | 2 5 6 7 10 | 10.0
Transmutations | 2 6 8 |  8.0
Necromancy     | 2 7 |  7.0
Staves         | 1 6 8 11 12 | 12.0
Shields        | 6 10 11 13 15 16 18 | 18.0

Action                     |  1- 3 |  4- 6 |  7- 9 | 10-12 | 13-15 | 16-18 | 19-21 | 22-24 | 25-27 || total
---------------------------+-------+-------+-------+-------+-------+-------+-------+-------+-------++-------
  Melee: Short sword       |     9 |    10 |    42 |       |       |       |       |       |       ||    61
         Whip              |       |       |    22 |    17 |       |       |       |       |       ||    39
         Punch             |       |       |     1 |       |     2 |     2 |     1 |       |       ||     6
         Staff             |       |       |       |    81 |   164 |    60 |    72 |   355 |   489 ||  1221
         Demon whip        |       |       |       |       |     4 |    36 |    15 |       |       ||    55
         Kick              |       |       |       |       |       |       |     7 |   179 |   257 ||   443
  Throw: Dart              |       |       |       |    10 |     5 |    27 |       |       |     3 ||    45
   Cast: Sandblast         |    45 |    90 |   172 |    84 |     1 |       |       |       |       ||   392
         Stone Arrow       |       |       |    27 |   224 |   774 |   715 |   284 |       |       ||  2024
         Irradiate         |       |       |       |       |       |    10 |    30 |    12 |    25 ||    77
         Borgnjor's Vile C |       |       |       |       |       |    83 |   196 |    84 |    56 ||   419
         Freezing Cloud    |       |       |       |       |       |    72 |    41 |    47 |    22 ||   182
         Swiftness         |       |       |       |       |       |     1 |       |     1 |       ||     2
         Leda's Unmaking   |       |       |       |       |       |       |   200 |   310 |   334 ||   844
         Lee's Rapid Decon |       |       |       |       |       |       |     6 |    52 |     7 ||    65
         Statue Form       |       |       |       |       |       |       |    39 |    87 |    78 ||   204
         Apportation       |       |       |       |       |       |       |       |     3 |       ||     3
         Wereblood         |       |       |       |       |       |       |       |     2 |    22 ||    24
 Invoke: Potion Petition   |       |       |       |       |       |       |     5 |     1 |     1 ||     7
         Bribe Branch      |       |       |       |       |       |       |       |       |     4 ||     4
  Evoke: Wand              |       |       |       |     1 |    10 |     5 |     5 |     5 |     4 ||    30
         Box of beasts     |       |       |       |     1 |     2 |       |     1 |     3 |     3 ||    10
         Phantom mirror    |       |       |       |       |     2 |       |     2 |       |     1 ||     5
         Lightning rod     |       |       |       |       |       |       |       |     6 |       ||     6
         Phial of floods   |       |       |       |       |       |       |       |     1 |       ||     1
    Use: Potion            |       |     5 |     2 |       |     1 |       |     5 |       |     3 ||    16
         Scroll            |       |     2 |     7 |     3 |     9 |     6 |    11 |     5 |    15 ||    58
   Stab: Distracted        |       |       |       |       |     1 |       |       |     2 |     3 ||     6
         Sleeping          |       |       |       |       |       |       |       |     2 |       ||     2
 Armour: Robe              |     9 |     9 |    41 |    29 |       |       |       |     4 |    15 ||   107
         Skin              |       |     1 |       |       |       |       |    80 |   315 |   243 ||   639
         Ring mail         |       |       |       |    17 |   197 |   201 |   134 |       |       ||   549
  Dodge: Dodged            |    29 |    49 |   192 |   175 |   525 |   411 |   474 |   559 |   554 ||  2968
  Block: Buckler           |       |       |       |       |       |       |    37 |    74 |       ||   111
         Kite shield       |       |       |       |       |       |       |       |   293 |   470 ||   763

Table legend: (Time is in decaauts)
 A = Elapsed time spent in this place.
 B = Non-inter-level travel time spent in this place.
 C = Inter-level travel time spent in this place.
 D = Time resting spent in this place.
 E = Time spent auto-exploring this place.
 F = Levels seen in this place.
 G = Mean time per level.
                   A        B        C        D        E       F      G
               +--------+--------+--------+--------+--------+-----+--------+
         Total |  90939 |  85006 |   5933 |  27857 |  41021 |  52 | 1748.8 |
       Dungeon |  25240 |  23318 |   1922 |   6802 |  12735 |  15 | 1682.7 |
        Temple |     10 |      1 |      9 |      0 |      0 |   1 |   10.0 |
          Lair |   9606 |   8714 |    892 |   2774 |   4079 |   5 | 1921.2 |
         Swamp |   5746 |   5441 |    305 |   1237 |   3175 |   4 | 1436.5 |
     Snake Pit |   7966 |   7392 |    574 |   2535 |   3465 |   4 | 1991.5 |
  Orcish Mines |   3792 |   3399 |    393 |   1135 |   1495 |   2 | 1896.0 |
   Elven Halls |   7109 |   6634 |    475 |   3493 |   1938 |   3 | 2369.7 |
        Vaults |   7996 |   7710 |    286 |   2290 |   4242 |   4 | 1999.0 |
        Depths |   9660 |   9066 |    594 |   3405 |   3883 |   4 | 2415.0 |
           Zot |   9108 |   8628 |    480 |   2311 |   4737 |   5 | 1821.6 |
         Abyss |     47 |     47 |      0 |      0 |      0 |   1 |   47.0 |
      Ice Cave |   1137 |   1137 |      0 |    321 |    605 |   1 | 1137.0 |
       Volcano |    103 |    103 |      0 |      0 |      0 |   1 |  103.0 |
        Wizlab |   1179 |   1179 |      0 |    695 |     86 |   1 | 1179.0 |
    Desolation |   2233 |   2233 |      0 |    857 |    578 |   1 | 2233.0 |
               +--------+--------+--------+--------+--------+-----+--------+

Top non-repeatable levels by time:
   Elf:3: 3387 daAuts
Depths:4: 3243 daAuts
 Snake:4: 2866 daAuts
  Lair:3: 2763 daAuts
Depths:3: 2641 daAuts
    D:13: 2514 daAuts
Vaults:1: 2466 daAuts
     D:6: 2385 daAuts
     D:3: 2283 daAuts
Vaults:4: 2261 daAuts
Desolation: 2233 daAuts
   Elf:2: 2228 daAuts
  Lair:5: 2224 daAuts
   Zot:4: 2214 daAuts
Depths:2: 2173 daAuts
